 Dungeon Crawl Stone Soup version 0.27-a0-681-g0c81a3c1c3 (webtiles) character file.

Game seed: 6759108158218000481

602 scammafunk the Slasher (level 7, -5/53 HPs)
             Began as a Demonspawn Abyssal Knight on Mar 19, 2021.
             Was a Priest of Lugonu.
             Killed from afar by an orc wizard (7 damage)
             ... with a magic dart
             ... on level 5 of the Dungeon.
             The game lasted 00:13:41 (5030 turns).

scammafunk the Slasher (Demonspawn Abyssal Knight)  Turns: 5030, Time: 00:13:42

Health: -5/53      AC: 11    Str: 14    XL:     7   Next: 18%
Magic:  9/9        EV:  9    Int: 14    God:    Lugonu [***...]
Gold:   212        SH:  0    Dex: 18    Spells: 6/6 levels left

rFire    . . .     SeeInvis .   m - +3 scimitar (flame)
rCold    . . .     Faith    +   (no shield)
rNeg     . . .     Spirit   .   l - +0 scale mail
rPois    .         Reflect  .   (no helmet)
rElec    .         Harm     .   (no cloak)
rCorr    .         Rampage  .   d - +2 pair of gloves
Will     .....                  (no boots)
Stlth    ..........             g - amulet of faith
HPRegen  0.17/turn              b - +6 ring of dexterity
MPRegen  0.11/turn              (no ring)

@: no status effects
A: hooves 2, thin metallic scales 1, foul stench 1, demonic magic 1
a: Renounce Religion, Depart the Abyss, Bend Space, Banish


You were on level 5 of the Dungeon.
You worshipped Lugonu.
Lugonu was most pleased with you.
You visited 1 branch of the dungeon, and saw 5 of its levels.
You visited the Abyss 1 time.

You collected 212 gold pieces.

Inventory:

Hand Weapons
 h - a +1 rapier of electrocution
 m - a +3 scimitar of flaming (weapon)
Armour
 d - a +2 pair of gloves (worn)
 l - a +0 scale mail (worn)
Jewellery
 b - a +6 ring of dexterity (right hand)
 g - an amulet of faith (around neck)
Scrolls
 a - 3 scrolls of teleportation
 f - a scroll of identify
 i - a scroll of magic mapping
 j - a scroll of vulnerability
Potions
 c - 2 potions of curing
 o - a potion of berserk rage


   Skills:
 - Level 3.9 Fighting
 * Level 6.0 Long Blades
 - Level 2.5 Armour
 - Level 1.7 Dodging
 - Level 3.6 Invocations


You had 6 spell levels left.
You didn't know any spells.
Your spell library contained the following spells:

 Spells                   Type           Power      Damage    Failure   Level
 Magic Dart               Conj           0%         1d3       77%         1
 Summon Small Mammal      Summ           0%         N/A       77%         1
 Blink                    Tloc           N/A        N/A       88%         2
 Call Imp                 Summ           0%         N/A       88%         2
 Slow                     Hex            0%         N/A       88%         2
 Call Canine Familiar     Summ           0%         N/A       98%         3
 Conjure Flame            Conj/Fire      0%         6-21      98%         3
 Mephitic Cloud           Conj/Pois/Air  0%         N/A       98%         3
 Summon Guardian Golem    Hex/Summ       0%         N/A       98%         3
 Summon Ice Beast         Ice/Summ       0%         N/A       100%        4
 Summon Lightning Spire   Summ/Air       0%         N/A       100%        4


Dungeon Overview and Level Annotations

Branches:
Dungeon (5/15)             Temple (0/1) D:5

Altars:
Dithmenos
Elyvilon
Nemelex Xobeh
Qazlal
Sif Muna
Trog
Uskayaw
Yredelemnul
Zin
The Shining One


Innate Abilities, Weirdness & Mutations

You have hoof-like feet.
You are partially covered in thin metallic scales. (AC +2)
You may rarely emit foul miasma when damaged in melee.
Spells you cast may paralyse adjacent enemies.


Message History

Okay, then.
You slash the orc! You burn the orc.
You kill the orc!
Lugonu accepts your kill.
You barely miss the jackal.
The jackal bites you but does no damage.
An orc comes into view. It is wielding a +0 dagger.
The jackal misses you.
You closely miss the jackal. The jackal barely misses you.
You riposte.
You slash the jackal! You burn the jackal.
You kill the jackal!
Lugonu accepts your kill.
The orc priest calls down the wrath of Beogh upon you.
Beogh smites you!
* * * LOW HITPOINT WARNING * * *
You hit the jackal but do no damage. Your kick misses the jackal.
The jackal bites you but does no damage. x2
The jackal bites you but does no damage.
You hit the jackal. You burn the jackal. You kick the jackal.
The jackal is almost dead.
The jackal bites you but does no damage. x2
You hit the jackal. You burn the jackal.
You kill the jackal!
Lugonu accepts your kill.
You barely miss something. Something hits you but does no damage.
You closely miss something.
The orc priest invokes the aid of Beogh against you.
Beogh smites you!
* * * LOW HITPOINT WARNING * * *
Something hits you but does no damage.
You barely miss the orc priest. Your kick misses the orc priest.
An orc wizard appears from thin air!
Reactivating autopickup.
The orc priest calls down the wrath of Beogh upon you.
You struggle to resist.
You hear some strange, mumbled words.
A magic dart appears from out of thin air!
Deactivating autopickup; reactivate with Ctrl-A.
The magic dart hits you!
You die...

.......................###.#
.#
...#####.###.).............#
.# .......#.#
#.####......##### ...###.#
#. #.#...## #### #.# ..
##.##...# #.# ### #...##.##
#.# #...##.# #.# #{..##.#
#.# #@####.# #.# #o# #.# #.#
#o# #.. #.### #{# ### #...#
#o# #####.#######o########
#...........oho#8#...##
#.###.###....o.Z#.....## #.#
#......o$.......


You could see 2 orc priests, an orc wizard, 4 orcs and a jackal.

Vanquished Creatures
  An ogre (D:4)
  A gnoll sergeant (D:5)
  A scorpion (D:5)
  An orc priest (D:5)
  A bullfrog skeleton (D:5)
  Jessica (D:2)
  Natasha (twice) (D:3)
  2 orc wizards (D:4)
  7 gnolls
  6 adders
  An ooze (D:5)
  3 worms
  4 leopard geckos
  12 orcs
  8 bats
  3 giant cockroaches
  2 goblins
  8 hobgoblins
  10 jackals
  3 quokkas
  A ball python (D:4)
  4 frilled lizards
  3 kobolds (D:1)
  6 rats
91 creatures vanquished.

Notes
Turn   | Place    | Note
-------+----------+-------------------------------------------
     0 | Abyss:1  | scammafunk the Demonspawn Abyssal Knight began the quest
                  | for the Orb.
     0 | Abyss:1  | Reached XP level 1. HP: 18/18 MP: 2/2
    51 | Abyss:2  | Noticed a large abomination
    51 | Abyss:2  | Noticed a thrashing horror
    56 | D:1      | Escaped the Abyss
   295 | D:1      | Reached * piety under Lugonu
   296 | D:1      | Gained mutation: You may rarely emit foul miasma when
                  | damaged in melee. [demonic ancestry]
   296 | D:1      | Reached XP level 2. HP: 19/24 MP: 3/3
   625 | D:1      | Reached skill level 2 in Long Blades
   778 | D:1      | Reached skill level 1 in Dodging
  1209 | D:2      | Gained mutation: You have large cloven feet. [demonic
                  | ancestry]
  1209 | D:2      | Reached XP level 3. HP: 19/29 MP: 5/5
  1310 | D:2      | Found a shimmering blue altar of Sif Muna.
  1313 | D:2      | Found a hide-covered altar of Uskayaw.
  1314 | D:2      | Found a stormy altar of Qazlal.
  1667 | D:2      | Noticed Jessica
  1673 | D:2      | Killed Jessica
  1674 | D:2      | Gained mutation: Spells you cast may paralyse adjacent
                  | enemies. [demonic ancestry]
  1674 | D:2      | Reached XP level 4. HP: 33/37 MP: 6/6
  1757 | D:2      | Found a basalt altar of Yredelemnul.
  2228 | D:2      | Reached ** piety under Lugonu
  2378 | D:3      | Found a bloodstained altar of Trog.
  2525 | D:3      | Gained mutation: You have hoof-like feet. [demonic
                  | ancestry]
  2525 | D:3      | Reached XP level 5. HP: 23/42 MP: 7/7
  2661 | D:3      | Found a shadowy altar of Dithmenos.
  3003 | D:3      | Noticed Natasha
  3010 | D:3      | Killed Natasha
  3011 | D:3      | Reached skill level 3 in Long Blades
  3089 | D:3      | Noticed Natasha
  3097 | D:3      | Killed Natasha
  3280 | D:4      | Found a sparkling altar of Nemelex Xobeh.
  3338 | D:4      | Reached skill level 4 in Long Blades
  3555 | D:4      | Gained mutation: You are partially covered in thin metallic
                  | scales. (AC +2) [demonic ancestry]
  3555 | D:4      | Reached XP level 6. HP: 48/48 MP: 8/8
  4341 | D:5      | Entered Level 5 of the Dungeon
  4385 | D:5      | Found a staircase to the Ecumenical Temple.
  4391 | D:5      | Reached skill level 5 in Long Blades
  4603 | D:5      | Reached XP level 7. HP: 17/53 MP: 9/9
  4992 | D:5      | Reached *** piety under Lugonu
  4993 | D:5      | Reached skill level 6 in Long Blades
  5029 | D:5      | HP: 2/53 [orc priest/divine providence (15)]
  5030 | D:5      | Killed from afar by an orc wizard

Illustrated notes

Levels and vault maps discovered:
D:1:      dpeg_arrival_solitude, layout_basic, roderic_lattice_a
D:2:      layout_loops_cross, old_standard_altar, minitemple, uniq_jessica
D:3:      layout_basic, good_gods_mini_temple, nicolae_overflow_hidden_temple,
          overflow_temple_1_default, uniq_natasha
D:4:      layout_loops_ring, overflow_temple_1_default,
          cheibrodos_sewer_entry_sluice
D:5:      layout_loops_ring, minmay_temple_entry_proselytizer,
          kennysheep_decorative_pillar, uniq_prince_ribbit1

Skill      XL: |  1  2  3  4  5  6  7 |
---------------+----------------------+-----
Long Blades    | 2 4 5 6 |  6.0
Armour         | 2 |  2.5
Dodging        | 1 |  1.7
Invocations    | 3 |  3.6
Fighting       | |  3.9

Action                   |  1- 3 |  4- 6 |  7- 9 || total
-------------------------+-------+-------+-------++-------
Melee: Falchion          |    79 |    48 |       ||   127
       Kick              |     6 |    44 |    10 ||    60
       Scimitar          |       |   101 |    22 ||   123
       Long sword        |       |    11 |       ||    11
Invok: Depart the Abyss  |     1 |       |       ||     1
       Bend Space        |       |     1 |       ||     1
  Use: Scroll            |       |     7 |     7 ||    14
       Potion            |       |     2 |       ||     2
Armor: Leather armour    |    17 |       |       ||    17
       Ring mail         |    37 |    19 |       ||    56
       Scale mail        |       |    68 |    18 ||    86
Dodge: Dodged            |    55 |    96 |    10 ||   161
       Rpst.: Falchion   |    23 |     8 |       ||    31
       Scimitar          |       |    20 |     4 ||    24
       Long sword        |       |     3 |       ||     3

Table legend: (Time is in decaauts)
 A = Elapsed time spent in this place.
 B = Non-inter-level travel time spent in this place.
 C = Inter-level travel time spent in this place.
 D = Time resting spent in this place.
 E = Time spent auto-exploring this place.
 F = Levels seen in this place.
 G = Mean time per level.
                   A        B        C        D        E       F      G
               +--------+--------+--------+--------+--------+-----+--------+
         Total |   5079 |   5002 |     77 |    819 |   3166 |   7 |  725.6 |
       Dungeon |   5023 |   4946 |     77 |    819 |   3166 |   5 | 1004.6 |
         Abyss |     55 |     55 |      0 |      0 |      0 |   2 |   27.5 |
               +--------+--------+--------+--------+--------+-----+--------+

Top non-repeatable levels by time:
     D:4: 1278 daAuts
     D:2: 1185 daAuts
     D:1: 1091 daAuts
     D:3: 973 daAuts
     D:5: 495 daAuts
 Abyss:2: 49 daAuts
 Abyss:1: 6 daAuts
